 Dungeon Crawl Stone Soup version 0.29.1-14-g9c671dbff4 (webtiles) character file.

Game seed: 8320470104553064880

8241 Peloso the Carver (level 11, -2/97 HPs)
             Began as a Minotaur Fighter on Feb 14, 2023.
             Was a Priest of Okawaru.
             Killed from afar by a starcursed mass (6 damage)
             ... with an accursed screaming
             ... on level 1 of the Abyss.
             The game lasted 00:25:07 (12928 turns).

Peloso the Carver (Minotaur Fighter)               Turns: 12928, Time: 00:25:08

Health: -2/97      AC: 19    Str: 22    XL:     11   Next: 7%
Magic:  10/10      EV: 11    Int: 12    God:    Okawaru [***...]
Gold:   439        SH: 16    Dex: 13    Spells: 10/10 levels left

rFire   + . .      SeeInvis .   a - +1 scimitar (flame)
rCold   . . .      Faith    .   d - +0 kite shield
rNeg    . . .      Spirit   .   y - +0 plate armour
rPois   +          Reflect  +   (helmet restricted)
rElec   .          Harm     .   c - +0 cloak
rCorr   .          Rampage  .   o - +1 pair of gloves "Emebuopp" {rF+ Int+7}
Will    .....                   (no boots)
Stlth   ..........              C - amulet of reflection
HPRegen 0.26/turn               r - +4 ring of evasion
MPRegen 0.12/turn               z - ring of poison resistance

@: no status effects
A: horns 2, retaliatory headbutt
a: Renounce Religion, Heroism


You were on level 1 of the Abyss.
You worshipped Okawaru.
Okawaru was most pleased with you.
You visited 2 branches of the dungeon, and saw 10 of its levels.
You visited the Abyss 1 time.

You collected 439 gold pieces.

Inventory:

Hand Weapons
 a - a +1 scimitar of flaming (weapon)
 b - a +0 long sword
Missiles
 D - a throwing net (quivered)
Armour
 c - a +0 cloak (worn)
 d - a +0 kite shield (worn)
 o - the +1 pair of gloves "Emebuopp" (worn) {rF+ Int+7}
   (You found it on level 3 of the Dungeon)

   Int:       It affects your intelligence (+7).
   rF:        It protects you from fire.
 t - a +0 chain mail
 y - a +0 plate armour (worn)
Jewellery
 r - a +4 ring of evasion (left hand)
 z - a ring of poison resistance (right hand)
 C - an amulet of reflection (around neck)
Wands
 f - a wand of flame (8)
 B - a wand of iceblast (4)
Scrolls
 g - 5 scrolls of fear
 k - 2 scrolls of blinking
 m - a scroll of immolation
 n - a scroll of magic mapping {unknown}
 p - 2 scrolls of poison {unknown}
 q - a scroll of acquirement
 s - a scroll of enchant armour
 v - 2 scrolls of butterflies {unknown}
 x - a scroll of enchant weapon {unknown}
 A - 2 scrolls of identify
Potions
 e - a potion of might
 h - 3 potions of curing
 i - 2 potions of heal wounds
 j - a potion of magic
 l - 2 potions of ambrosia
 u - 2 potions of flight
 w - a potion of cancellation


   Skills:
 + Level 9.1 Fighting
 + Level 12.1 Long Blades
 + Level 11.1 Armour
 + Level 4.1 Dodging
 + Level 1.4 Stealth
 + Level 9.2 Shields
 + Level 0.2 Invocations
 + Level 1.1 Evocations


You had 10 spell levels left.
You didn't know any spells.
Your spell library contained the following spells:

 Spells                   Type           Power      Damage    Failure   Level
 Static Discharge         Conj/Air       0%         3-3/arc   100%        2
 Alistair's Intoxication  Tmut/Pois      0%         N/A       100%        5
 Borgnjor's Vile Clutch   Necr/Erth      0%         N/A       100%        5
 Lightning Bolt           Conj/Air       0%         1d11      100%        5
 Eringya's Noxious Bog    Tmut/Pois      0%         N/A       100%        6
 Maxwell's Capacitive Co  Air            0%         ∞         100%        8


Dungeon Overview and Level Annotations

Branches:
Dungeon (9/15)             Temple (1/1) D:6            Lair (0/5) D:8
    Orc: D:9-12

Altars:
Ashenzari
Cheibriados
Dithmenos
Fedhas
Gozag
Hepliaklqana
Kikubaaqudgha
Makhleb
Nemelex Xobeh
Okawaru
Qazlal
Ru
Sif Muna
Trog
Uskayaw
Vehumet
Wu Jian
Xom
Yredelemnul
Zin
The Shining One

Annotations:
D:5 Sigmund
D:8 3 runed translucent doors, LSt's ghost, novice DrWn
D:9 1 runed translucent door, Henri's ghost, novice VSEn


Innate Abilities, Weirdness & Mutations

You have a pair of horns on your head.
You reflexively headbutt those who attack you in melee.


Message History

You are covered in liquid flames!
* * * LOW HITPOINT WARNING * * *
You are no longer on fire.
A chorus of shrieks assaults your mind.
* * * LOW HITPOINT WARNING * * *
The smoke demon gestures at you. The ball of steam misses you.
You can't go up here!
Unknown command.
You closely miss the smoke demon.
The smoke demon is almost dead.
The smoke demon gestures at you. The sticky flame misses you.
You hit the smoke demon. You headbutt the smoke demon.
You kill the smoke demon!
Okawaru accepts your kill.
You hit the starcursed mass. You burn the starcursed mass.
You headbutt the starcursed mass, but do no damage.
The starcursed mass is heavily damaged.
The starcursed mass shudders and is absorbed by its neighbour.
A starcursed mass splits.
A chorus of shrieks assaults your mind.
* * * LOW HITPOINT WARNING * * *
Unknown command.
You feel much better.
A starcursed mass splits.
A chorus of shrieks assaults your mind.
* * * LOW HITPOINT WARNING * * *
The starcursed mass attacks as you move away!
The starcursed mass closely misses you. A chorus of shrieks assaults your mind.
* * * LOW HITPOINT WARNING * * *
You hit the starcursed mass but do no damage.
You slice the starcursed mass!! You burn the starcursed mass.
You destroy the starcursed mass!
Okawaru accepts your kill. A chorus of shrieks assaults your mind.
* * * LOW HITPOINT WARNING * * *
A small abomination comes into view.
A chorus of shrieks assaults your mind.
You die...

. ..... ... . .
#... #....# # >..
### .. #. # #
#.#.## #'.#
#....##..... . ..
## ##x.....
X##.... #.#
##..###.#.#..##
##.##X.X..#####
..X. #...@##...#
#... .
.....#.##.##....#
##### ### #.#
.....### .##
.###.# .. .. . .
## ... . . # 8 .
.


You could see 2 starcursed masses and a small abomination.

Vanquished Creatures
  Erica (D:9)
  A flayed ghost (Abyss:1)
  Pikel (D:4)
  An ugly thing (D:7)
  A smoke demon (Abyss:1)
  A harpy zombie (Abyss:1)
  Grinder (D:6)
  2 hornets
  2 wyverns
  A wraith (Abyss:1)
  3 yaks (D:9)
  A steam dragon (D:4)
  2 water moccasins
  3 orc warriors
  An ice beast (D:6)
  A black bear (D:5)
  4 ogres
  2 centaurs
  3 small abominations (Abyss:1)
  A lemure (D:4)
  The ghost of vvl the Digger, an amateur OpEE (D:3)
  2 kobold brigands (D:8)
  Blork the orc (D:4)
  A gnoll sergeant (D:9)
  2 bullfrogs
  2 scorpions (D:5)
  3 necrophages
  11 wights
  3 killer bees
  A howler monkey (D:5)
  A starcursed mass (Abyss:1)
  Crazy Yiuf (D:2)
  5 orc priests
  A gnoll bouda (D:5)
  5 hounds
  Jessica (D:2)
  3 iguanas
  10 orc wizards
  Robin (D:2)
  13 gnolls
  8 adders
  A shadow imp (D:5)
  2 white imps
  An ufetubus (D:5)
  2 worms
  6 dart slugs
  35 orcs
  7 ball pythons
  5 endoplasms
  3 giant cockroaches
  19 goblins
  10 hobgoblins
  13 jackals
  A quokka (D:4)
  6 bats
  3 frilled lizards
  17 kobolds
  9 rats
249 creatures vanquished.

Vanquished Creatures (others)
  An endoplasm (D:4)
  A bush (D:6)
  3 fungi (D:4)
  31 plants
36 creatures vanquished.

Grand Total: 285 creatures vanquished

Notes
Turn   | Place    | Note
-------+----------+-------------------------------------------
     0 | D:1      | Peloso the Minotaur Fighter began the quest for the Orb.
     0 | D:1      | Reached XP level 1. HP: 19/19 MP: 0/0
   157 | D:1      | Reached XP level 2. HP: 25/27 MP: 1/1
   582 | D:1      | Reached XP level 3. HP: 32/33 MP: 2/2
  1235 | D:2      | Noticed Jessica
  1245 | D:2      | Killed Jessica
  1246 | D:2      | Reached skill level 3 in Long Blades
  1246 | D:2      | Reached XP level 4. HP: 21/40 MP: 3/3
  2021 | D:2      | Noticed Robin
  2023 | D:2      | Reached skill level 1 in Dodging
  2034 | D:2      | Killed Robin
  2246 | D:2      | Found a runed translucent door.
  2247 | D:2      | Noticed Crazy Yiuf
  2700 | D:3      | Found a runed translucent door.
  2700 | D:3      | Noticed a bullfrog
  2730 | D:3      | Noticed vvl's ghost (amateur OpEE)
  2766 | D:3      | Reached skill level 4 in Long Blades
  2775 | D:3      | Reached XP level 5. HP: 44/46 MP: 4/4
  2831 | D:3      | Identified the +1 pair of gloves "Emebuopp" {rF+ Int+7}
  2959 | D:3      | Found an ancient bone altar of Kikubaaqudgha.
  3099 | D:3      | Found a faded altar of an unknown god.
  3701 | D:4      | Noticed a steam dragon
  3711 | D:4      | Killed a steam dragon
  3712 | D:4      | Reached skill level 5 in Armour
  3712 | D:4      | Reached skill level 5 in Shields
  3712 | D:4      | Reached XP level 6. HP: 17/53 MP: 5/5
  4084 | D:4      | Reached skill level 5 in Long Blades
  4307 | D:4      | Found a shimmering blue altar of Sif Muna.
  4469 | D:4      | Reached XP level 7. HP: 55/60 MP: 6/6
  4498 | D:4      | Noticed Blork the orc
  4499 | D:4      | Found an ornate altar of the Wu Jian Council.
  4516 | D:4      | Killed Blork the orc
  4517 | D:4      | Reached skill level 6 in Long Blades
  4578 | D:4      | Found a stormy altar of Qazlal.
  4587 | D:4      | Found a blossoming altar of Fedhas.
  4613 | D:4      | Found a basalt altar of Yredelemnul.
  4616 | D:4      | Noticed Pikel
  4646 | D:4      | Killed Pikel
  4647 | D:4      | Reached skill level 5 in Fighting
  4647 | D:4      | Reached skill level 7 in Long Blades
  4647 | D:4      | Reached XP level 8. HP: 69/69 MP: 7/7
  4725 | D:4      | Found a broken altar of Ashenzari.
  5169 | D:5      | Entered Level 5 of the Dungeon
  5204 | D:5      | HP: 1/69 [orc priest/nerve-wracking pain (12)]
  5913 | D:5      | Reached skill level 8 in Long Blades
  6398 | D:5      | Noticed Sigmund
  7098 | D:5      | Reached skill level 9 in Long Blades
  7114 | D:5      | Noticed a two-headed ogre
  7414 | D:5      | Reached XP level 9. HP: 59/75 MP: 8/8
  7495 | D:5      | Reached skill level 1 in Stealth
  7715 | D:6      | Found a burning altar of Makhleb.
  7749 | D:6      | Noticed Grinder
  7786 | D:6      | Paralysed by Grinder for 3 turns
  7793 | D:6      | Killed Grinder
  8251 | D:6      | Found a staircase to the Ecumenical Temple.
  8261 | Temple   | Entered the Ecumenical Temple
  8418 | Temple   | Became a worshipper of Warmaster Okawaru
  8780 | D:7      | Reached skill level 10 in Long Blades
  8865 | D:7      | Noticed a red ugly thing
  8881 | D:7      | Killed a red ugly thing
  8881 | D:7      | Reached * piety under Okawaru
  8882 | D:7      | Reached skill level 1 in Evocations
  9629 | D:8      | Found a hazy altar of Hepliaklqana.
  9647 | D:8      | Found a snail-covered altar of Cheibriados.
  9647 | D:8      | Found a hide-covered altar of Uskayaw.
  9648 | D:8      | Found a sacrificial altar of Ru.
  9685 | D:8      | Reached XP level 10. HP: 79/83 MP: 9/9
 10111 | D:8      | Found a bloodstained altar of Trog.
 10191 | D:8      | Found a runed translucent gate.
 10191 | D:8      | Found a runed translucent gate.
 10191 | D:8      | Found a runed translucent gate.
 10192 | D:8      | Found an opulent altar of Gozag.
 10200 | D:8      | Found a staircase to the Lair.
 10252 | D:8      | Found a shadowy altar of Dithmenos.
 10483 | D:8      | Noticed LSt's ghost (novice DrWn)
 11033 | D:9      | Found the +7 Kryia's mail coat {PotionHeal*2 rC+}
 11093 | D:9      | Reached skill level 11 in Long Blades
 11098 | D:9      | Reached ** piety under Okawaru
 11490 | D:9      | Reached skill level 10 in Armour
 11530 | D:9      | Found a glowing silver altar of Zin.
 11531 | D:9      | Noticed an angel
 11548 | D:9      | Noticed Erica
 11581 | D:9      | Killed Erica
 11852 | D:9      | Found a runed translucent door.
 12234 | D:9      | Identified a scroll of acquirement
 12248 | D:9      | Identified the +8 short sword of the Fray {freeze, rF-
                  | Int+6}
 12424 | D:9      | Noticed Henri's ghost (novice VSEn)
 12559 | D:2      | Killed Crazy Yiuf
 12638 | D:3      | Killed vvl's ghost
 12744 | Abyss:1  | Cast into level 1 of the Abyss (Sigmund)
 12799 | Abyss:1  | Reached *** piety under Okawaru
 12865 | Abyss:1  | Noticed a flayed ghost
 12877 | Abyss:1  | Killed a flayed ghost
 12878 | Abyss:1  | Reached skill level 12 in Long Blades
 12878 | Abyss:1  | Reached XP level 11. HP: 97/97 MP: 10/10
 12881 | Abyss:1  | Noticed a starcursed mass
 12927 | Abyss:1  | HP: 4/97 [starcursed mass/accursed screaming (6)]
 12928 | Abyss:1  | Killed from afar by a starcursed mass

Illustrated notes

Levels and vault maps discovered:
D:1:      dreamdust_arrival_beginning_and_end, layout_basic,
          minmay_misc_feat_chi, hangedman_feature_mirror,
          wad_floor_pattern_untrapped, hangedman_decor_growths,
          roderic_nine_men_s_morris, minmay_pentomino_o4
D:2:      layout_basic, grunt_ministairs_12, uniq_robin,
          uniq_crazy_yiuf_cottage, uniq_jessica
D:3:      layout_basic, mainiacjoe_overflow_alcove_2, ebering_ghost_sewer_d,
          basic_ecumenical_altar
D:4:      layout_basic, grunt_temple_overflow_forces_of_nature,
          mainiacjoe_overflow_cross_hatched,
          nicolae_wu_jian_immortal_techniques, mainiacjoe_overflow_chevrons,
          kennysheep_orc_sif_temple, dk_rats_in_the_wall, uniq_pikel,
          uniq_blork_the_orc
D:5:      kennysheep_windowed_halls, layout_loops_corners,
          serial_bayou_lagoon_a, uniq_sigmund
D:6:      layout_rooms, kennysheep_mini, minmay_temple_entry_grid,
          kb_lookout_dungeons_type, uniq_grinder
D:7:      minmay_the_grid_octo_tiled_octocenter
          [minmay_the_grid_octo_fat_diamond, minmay_the_grid_octo_concentric,
          minmay_the_grid_octo_pinwheel, minmay_the_grid_octo_focus,
          minmay_the_grid_octo_prize_single_spiral,
          minmay_the_grid_square_5x5_fat_x, minmay_the_grid_square_5x5_two,
          minmay_the_grid_square_5x5_bridge,
          minmay_the_grid_square_5x5_three_walls], layout_layer_cave,
          nicolae_shop_firing_range, uniq_menkaure
D:8:      layout_basic, lemuel_doored_altar, mainiacjoe_overflow_alcove_1,
          kennysheep_little_box, nicolae_overflow_hidden_temple,
          dpeg_oklobed_lair, ebering_ghost_gozag, kennysheep_cross_bottleneck
D:9:      layout_irregular_city, zin_angel, ebering_ghost_reflecting_pool,
          uniq_erica
Temple:   hellmonk_temple_flake
Abyss:1:  base:
D:8

Skill      XL: |  1  2  3  4  5  6  7  8  9 10 |
---------------+-------------------------------+-----
Armour         | 4 5 6 7 8 11 | 11.1
Shields        | 4 5 6 7 8 9 |  9.2
Fighting       | 4 5 6 7 9 |  9.1
Long Blades    | 3 4 5 7 9 10 12 | 12.1
Dodging        | 1 2 3 4 |  4.1
Stealth        | 1 |  1.4
Evocations     | 1 |  1.1
Invocations    | |  0.2

Action                   |  1- 3 |  4- 6 |  7- 9 | 10-12 || total
-------------------------+-------+-------+-------+-------++-------
Melee: Long sword        |    77 |   212 |   352 |   207 ||   848
       Headbutt          |    11 |    37 |    71 |    69 ||   188
       Scimitar          |       |       |       |    96 ||    96
Invok: Heroism           |       |       |       |     2 ||     2
Evoke: Wand              |       |       |     4 |       ||     4
  Use: Potion            |     2 |     1 |     2 |     3 ||     8
       Scroll            |     1 |     3 |     1 |     5 ||    10
Armor: Scale mail        |    54 |   111 |       |       ||   165
       Chain mail        |       |    32 |    59 |       ||    91
       Plate armour      |       |       |   101 |   113 ||   214
Dodge: Dodged            |    46 |   113 |   139 |   108 ||   406
Block: Buckler           |    33 |    75 |    91 |    55 ||   254
       Kite shield       |       |       |       |    54 ||    54
